TOP OF THE 1ST |
Palm Beach Nationals batting - Pitching for Madison Brewers : LHP Jose Ruiz
|
Pitching: LHP Jose Ruiz
|
|
Batting: RHB Victor Rojas
|
0-0: Called Strike 0-1: Ball 1-1: Foul Ball, location: 2F 1-2: Ball 2-2: Foul Ball, location: 2F 2-2: Strikes out swinging
|
Batting: RHB Alex Martinez
|
0-0: Ball 1-0: Swinging Strike 1-1: Swinging Strike 1-2: Fly out, F7 (Flyball, 78D, EV 108.1 MPH)
|
Batting: RHB Rudolph Lentz
|
0-0: Ball 1-0: Foul Ball, location: 2F 1-1: Ball 2-1: SINGLE (Line Drive, 56D, EV 95.0 MPH)
|
Batting: RHB Charlie Iacovone
|
0-0: Swinging Strike 0-1: Called Strike 0-2: Strikes out swinging
|
Top of the 1st over - 0 runs, 1 hit, 0 errors, 1 left on base; Palm Beach 0 - Madison 0 |
BOTTOM OF THE 1ST |
Madison Brewers batting - Pitching for Palm Beach Nationals : RHP Michael Bastian
|
Pitching: RHP Michael Bastian
|
|
Batting: LHB Andy Buschlen
|
0-0: Ball 1-0: Foul Ball, location: 2F 1-1: Called Strike 1-2: Foul Ball, location: 2F 1-2: Foul Ball, location: 2F 1-2: Ball 2-2: Foul Ball, location: 2F 2-2: DOUBLE (Line Drive, 78D, EV 105.0 MPH)
|
Batting: LHB Jose Simental
|
0-0: Ball 1-0: Ball 2-0: Ball 3-0: Called Strike 3-1: SINGLE (Line Drive, 89S, EV 108.1 MPH) Andy Buschlen to third
|
Batting: LHB Bill Kovac
|
0-0: Called Strike Jose Simental steals 2nd base 0-1: Foul Ball, location: 2F 0-2: Strikes out looking
|
Batting: RHB Jelani Griffin
|
0-0: Called Strike 0-1: SINGLE (Line Drive, 8RS, EV 105.0 MPH) Andy Buschlen scores Jose Simental to third Runner from 3rd tries for Home, throw by CF and OUT! 8-2
|
Batting: RHB Mario Lopez
|
0-0: Ground out 4-3 (Groundball, 4, EV 89.4 MPH)
|
Bottom of the 1st over - 1 run, 3 hits, 0 errors, 1 left on base; Palm Beach 0 - Madison 1 |
TOP OF THE 2ND |
Palm Beach Nationals batting - Pitching for Madison Brewers : LHP Jose Ruiz
|
Batting: RHB Kenny Ball
|
0-0: Foul Ball, location: 2F 0-1: SINGLE (Flyball, 9LS, EV 95.0 MPH)
|
Batting: RHB Jess Thomas
|
0-0: Fly out, F2 (Popup, 3SF, EV 68.8 MPH)
|
Batting: SHB John Husson
|
0-0: Foul Ball, location: 2F 0-1: Swinging Strike 0-2: Strikes out swinging
|
Batting: RHB Franklin Ortega
|
0-0: Called Strike 0-1: DOUBLE (Flyball, 8RD, EV 105.6 MPH) Kenny Ball to third Runner from 3rd tries for Home, SAFE, throw by CF to home
|
Batting: LHB Tony Olvera
|
0-0: Called Strike 0-1: Ball 1-1: Ball 2-1: Ground out 4-3 (Groundball, 4, EV 104.4 MPH)
|
Top of the 2nd over - 1 run, 2 hits, 0 errors, 1 left on base; Palm Beach 1 - Madison 1 |
BOTTOM OF THE 2ND |
Madison Brewers batting - Pitching for Palm Beach Nationals : RHP Michael Bastian
|
Batting: LHB Tony Hasbun
|
0-0: Ground out 6-3 (Groundball, 6, EV 102.5 MPH)
|
Batting: RHB Fernando Mejia
|
0-0: Called Strike 0-1: Called Strike 0-2: Strikes out swinging
|
Batting: RHB Malcolm McCauley
|
0-0: Foul Ball, location: 2F 0-1: Called Strike 0-2: Strikes out swinging
|
Bottom of the 2nd over - 0 runs, 0 hits, 0 errors, 0 left on base; Palm Beach 1 - Madison 1 |
TOP OF THE 3RD |
Palm Beach Nationals batting - Pitching for Madison Brewers : LHP Jose Ruiz
|
Batting: RHB Victor Rojas
|
0-0: Ball 1-0: Called Strike 1-1: Ball 2-1: Fly out, F7 (Flyball, 7LS, EV 84.4 MPH)
|
Batting: RHB Alex Martinez
|
0-0: Swinging Strike 0-1: Called Strike 0-2: Ball 1-2: Ball 2-2: Foul Ball, location: 2F 2-2: Ball 3-2: Base on Balls
|
Batting: RHB Rudolph Lentz
|
0-0: Called Strike 0-1: Ball 1-1: Ball 2-1: Ball 3-1: Foul Ball, location: 2F 3-2: Base on Balls Alex Martinez to second
|
Batting: RHB Charlie Iacovone
|
0-0: Fly out, F7 (Flyball, 7D, EV 94.4 MPH) Runner from 2nd tags up, SAFE at 3rd, no throw by LF
|
Batting: RHB Kenny Ball
|
0-0: Ball 1-0: Fly out, F8 (Flyball, 8RXD, EV 90.0 MPH)
|
Top of the 3rd over - 0 runs, 0 hits, 0 errors, 2 left on base; Palm Beach 1 - Madison 1 |
BOTTOM OF THE 3RD |
Madison Brewers batting - Pitching for Palm Beach Nationals : RHP Michael Bastian
|
Batting: RHB Kelan Rae
|
0-0: Called Strike 0-1: Ball 1-1: Ball 2-1: Called Strike 2-2: Fly out, F8 (Flyball, 8RD, EV 101.2 MPH)
|
Batting: LHB Andy Buschlen
|
0-0: Called Strike 0-1: Swinging Strike 0-2: Ball 1-2: Strikes out looking
|
Batting: LHB Jose Simental
|
0-0: Ball 1-0: Foul Ball, location: 2F 1-1: Ball 2-1: Ball 3-1: Foul Ball, location: 2F 3-2: Base on Balls
|
Batting: LHB Bill Kovac
|
0-0: Called Strike 0-1: Ball 1-1: Foul Ball, location: 2F 1-2: Ball 2-2: SINGLE (Flyball, 89S, EV 96.2 MPH) Jose Simental to second Runner from 2nd tries for 3rd, SAFE, throw by RF made to third
|
Batting: RHB Jelani Griffin
|
0-0: Called Strike 0-1: Foul Ball, location: 2F 0-2: Foul Ball, location: 2F 0-2: Ball 1-2: Strikes out swinging
|
Bottom of the 3rd over - 0 runs, 1 hit, 0 errors, 2 left on base; Palm Beach 1 - Madison 1 |
TOP OF THE 4TH |
Palm Beach Nationals batting - Pitching for Madison Brewers : LHP Jose Ruiz
|
Batting: RHB Jess Thomas
|
0-0: Swinging Strike 0-1: Ball 1-1: Ball 2-1: Called Strike 2-2: Foul Ball, location: 2F 2-2: Strikes out swinging
|
Batting: SHB John Husson
|
0-0: Called Strike 0-1: Ball 1-1: Foul Ball, location: 2F 1-2: Ball 2-2: Strikes out swinging
|
Batting: RHB Franklin Ortega
|
0-0: Called Strike 0-1: Ball 1-1: Swinging Strike 1-2: Strikes out swinging
|
Top of the 4th over - 0 runs, 0 hits, 0 errors, 0 left on base; Palm Beach 1 - Madison 1 |
BOTTOM OF THE 4TH |
Madison Brewers batting - Pitching for Palm Beach Nationals : RHP Michael Bastian
|
Batting: RHB Mario Lopez
|
0-0: Ball 1-0: Called Strike 1-1: Ball 2-1: Foul Ball, location: 2F 2-2: Ball 3-2: DOUBLE (Flyball, 78D, EV 103.8 MPH)
|
Batting: LHB Tony Hasbun
|
0-0: Ground out 6-3 (Groundball, 6, EV 80.6 MPH)
|
Batting: RHB Fernando Mejia
|
0-0: Ball 1-0: Called Strike 1-1: Ball 2-1: Foul Ball, location: 2F 2-2: Hit by Pitch
|
Batting: RHB Malcolm McCauley
|
0-0: Foul Ball, location: 2F 0-1: Foul Ball, location: 2F 0-2: Foul Ball, location: 2F 0-2: Ball 1-2: Strikes out looking
|
Batting: RHB Kelan Rae
|
0-0: Fly out, F8 (Flyball, 8RXD, EV 91.2 MPH)
|
Bottom of the 4th over - 0 runs, 1 hit, 0 errors, 2 left on base; Palm Beach 1 - Madison 1 |
TOP OF THE 5TH |
Palm Beach Nationals batting - Pitching for Madison Brewers : LHP Jose Ruiz
|
Batting: LHB Tony Olvera
|
0-0: Ball 1-0: Foul Ball, location: 2F 1-1: Foul Ball, location: 2F 1-2: SINGLE (Groundball, 34D, EV 102.5 MPH)
|
Batting: RHB Victor Rojas
|
0-0: Ball 1-0: Called Strike 1-1: Ball 2-1: 2-RUN HOME RUN (Flyball, 9D, EV 98.8 MPH), Distance : 398 ft
|
Batting: RHB Alex Martinez
|
0-0: Called Strike 0-1: Ball 1-1: Ball 2-1: SOLO HOME RUN (Flyball, 7LD, EV 95.0 MPH), Distance : 336 ft
|
Batting: RHB Rudolph Lentz
|
0-0: Fly out, F8 (Flyball, 78M, EV 90.6 MPH)
|
Batting: RHB Charlie Iacovone
|
0-0: Fly out, F9 (Line Drive, 9S, EV 95.6 MPH)
|
Batting: RHB Kenny Ball
|
0-0: Called Strike 0-1: Foul Ball, location: 2F 0-2: Hit by Pitch
|
Pitching: RHP Tristan Smeets
|
|
Batting: RHB Jess Thomas
|
0-0: Foul Ball, location: 2F 0-1: Swinging Strike 0-2: Strikes out swinging
|
Top of the 5th over - 3 runs, 3 hits, 0 errors, 1 left on base; Palm Beach 4 - Madison 1 |
BOTTOM OF THE 5TH |
Madison Brewers batting - Pitching for Palm Beach Nationals : RHP Michael Bastian
|
Batting: LHB Andy Buschlen
|
0-0: Called Strike 0-1: Fly out, F7 (Line Drive, 7, EV 93.8 MPH)
|
Batting: LHB Jose Simental
|
0-0: Ball 1-0: Ball 2-0: Called Strike 2-1: Swinging Strike 2-2: Foul Ball, location: 2F 2-2: Strikes out looking
|
Batting: LHB Bill Kovac
|
0-0: Ball 1-0: Called Strike 1-1: Foul Ball, location: 2F 1-2: Ball 2-2: Foul Ball, location: 2F 2-2: Foul Ball, location: 2F 2-2: Foul Ball, location: 2F 2-2: Ball 3-2: Base on Balls
|
Pitching: RHP Yorinobu Matsumoto
|
|
Batting: RHB Jelani Griffin
|
0-0: Called Strike 0-1: Fielders Choice at 2nd, 6-4 (Groundball, 6, EV 89.4 MPH)
|
Bottom of the 5th over - 0 runs, 0 hits, 0 errors, 1 left on base; Palm Beach 4 - Madison 1 |
TOP OF THE 6TH |
Palm Beach Nationals batting - Pitching for Madison Brewers : RHP Tristan Smeets
|
Batting: SHB John Husson
|
0-0: Called Strike 0-1: Fly out, F8 (Flyball, 8RD, EV 101.2 MPH)
|
Batting: RHB Franklin Ortega
|
0-0: Ground out 4-3 (Groundball, 4, EV 108.1 MPH)
|
Batting: LHB Tony Olvera
|
0-0: Called Strike 0-1: Ball 1-1: Foul Ball, location: 2F 1-2: Fly out, F8 (Flyball, 8LM, EV 81.9 MPH)
|
Top of the 6th over - 0 runs, 0 hits, 0 errors, 0 left on base; Palm Beach 4 - Madison 1 |
BOTTOM OF THE 6TH |
Madison Brewers batting - Pitching for Palm Beach Nationals : RHP Yorinobu Matsumoto
|
Batting: RHB Mario Lopez
|
0-0: Ground out 4-3 (Groundball, 4, EV 81.9 MPH)
|
Batting: LHB Tony Hasbun
|
0-0: Ball 1-0: Foul Ball, location: 2F 1-1: Swinging Strike 1-2: Foul Ball, location: 2F 1-2: Foul Ball, location: 2F 1-2: Strikes out swinging
|
Pinch Hitting: LHB Jesus Huante
|
0-0: Ball 1-0: Swinging Strike 1-1: Foul Ball, location: 2F 1-2: Fly out, F6 (Line Drive, 6, EV 64.4 MPH)
|
Bottom of the 6th over - 0 runs, 0 hits, 0 errors, 0 left on base; Palm Beach 4 - Madison 1 |
TOP OF THE 7TH |
Palm Beach Nationals batting - Pitching for Madison Brewers : RHP Tristan Smeets
|
Now at 1B: Jesus Huante
|
|
Now at 3B: Jelani Griffin
|
|
Batting: RHB Victor Rojas
|
0-0: Ball 1-0: Foul Ball, location: 2F 1-1: Ball 2-1: Foul Ball, location: 2F 2-2: Ball 3-2: Strikes out looking
|
Batting: RHB Alex Martinez
|
0-0: Ball 1-0: TRIPLE (Line Drive, 8LXD, EV 114.4 MPH)
|
Batting: RHB Rudolph Lentz
|
0-0: Ball Wild Pitch! Alex Martinez scores 1-0: Called Strike 1-1: Called Strike 1-2: Fly out, F8 (Flyball, 8RD, EV 98.1 MPH)
|
Batting: RHB Charlie Iacovone
|
0-0: Called Strike 0-1: Hit by Pitch
|
Batting: RHB Kenny Ball
|
0-0: Ball 1-0: Ball 2-0: Swinging Strike 2-1: Foul Ball, location: 2F 2-2: Strikes out swinging
|
Top of the 7th over - 1 run, 1 hit, 0 errors, 1 left on base; Palm Beach 5 - Madison 1 |
BOTTOM OF THE 7TH |
Madison Brewers batting - Pitching for Palm Beach Nationals : RHP Yorinobu Matsumoto
|
Pinch Hitting: LHB Alex Chairez
|
0-0: Called Strike 0-1: Swinging Strike 0-2: Foul Ball, location: 2F 0-2: Ball 1-2: Ball 2-2: Foul Ball, location: 2F 2-2: Strikes out swinging
|
Batting: RHB Dustin Pryor
|
0-0: Swinging Strike 0-1: Swinging Strike 0-2: Ball 1-2: Ball 2-2: Ball 3-2: Strikes out swinging
|
Batting: LHB Andy Buschlen
|
0-0: Foul Ball, location: 2F 0-1: Called Strike 0-2: Strikes out swinging
|
Bottom of the 7th over - 0 runs, 0 hits, 0 errors, 0 left on base; Palm Beach 5 - Madison 1 |
TOP OF THE 8TH |
Palm Beach Nationals batting - Pitching for Madison Brewers : RHP Tristan Smeets
|
Now in CF: Sammar Wambugu
|
|
Batting: RHB Qian Tai
|
0-0: Ball 1-0: Swinging Strike 1-1: Swinging Strike 1-2: Strikes out swinging
|
Batting: SHB John Husson
|
0-0: Ball 1-0: Fly out, F9 (Flyball, 89S, EV 83.8 MPH)
|
Batting: RHB Franklin Ortega
|
0-0: Called Strike 0-1: Foul Ball, location: 2F 0-2: Ball 1-2: Strikes out swinging
|
Top of the 8th over - 0 runs, 0 hits, 0 errors, 0 left on base; Palm Beach 5 - Madison 1 |
BOTTOM OF THE 8TH |
Madison Brewers batting - Pitching for Palm Beach Nationals : RHP Yorinobu Matsumoto
|
Batting: LHB Jose Simental
|
0-0: Swinging Strike 0-1: Swinging Strike 0-2: Ball 1-2: Ball 2-2: Strikes out looking
|
Batting: LHB Bill Kovac
|
0-0: Foul Ball, location: 2F 0-1: Ball 1-1: Ball 2-1: Reached on error, E6 (Groundball, 6, EV 83.1 MPH)
|
Batting: RHB Jelani Griffin
|
0-0: Ball 1-0: Foul Ball, location: 2F 1-1: Ball 2-1: Foul Ball, location: 2F 2-2: Ground out U3 (Groundball, 34S, EV 88.8 MPH) Bill Kovac to third
|
Batting: RHB Mario Lopez
|
0-0: Called Strike 0-1: Ball 1-1: Ball 2-1: Ball 3-1: 2-RUN HOME RUN (Flyball, 7D, EV 97.5 MPH), Distance : 370 ft
|
Batting: LHB Tony Hasbun
|
0-0: Foul Ball, location: 2F 0-1: Ball 1-1: SINGLE (Line Drive, 4D, EV 103.1 MPH)
|
Batting: LHB Jesus Huante
|
0-0: Ball 1-0: Ball 2-0: DOUBLE (Line Drive, 7LS, EV 106.2 MPH) Tony Hasbun to third Runner from 3rd tries for Home, SAFE, throw by LF to trailing runner, OUT at third! 7-3-5
|
Bottom of the 8th over - 3 runs, 3 hits, 1 error, 0 left on base; Palm Beach 5 - Madison 4 |
TOP OF THE 9TH |
Palm Beach Nationals batting - Pitching for Madison Brewers : RHP Tristan Smeets
|
Batting: LHB Tony Olvera
|
0-0: Called Strike 0-1: SINGLE (Groundball, 4MD, EV 100.0 MPH)
|
Pinch Hitting: SHB Fernando Fundora
|
0-0: Ball 1-0: Called Strike 1-1: Bunted foul 1-2: Strikes out swinging
|
Pinch Hitting: RHB Ryan Wright
|
0-0: Called Strike 0-1: Ball 1-1: Called Strike 1-2: Strikes out swinging
|
Batting: RHB Rudolph Lentz
|
0-0: Ball 1-0: 2-RUN HOME RUN (Flyball, 78XD, EV 109.4 MPH), Distance : 433 ft
|
Pitching: RHP Pat Spry
|
|
Batting: RHB Charlie Iacovone
|
0-0: Foul Ball, location: 2F 0-1: Ball 1-1: Called Strike 1-2: Strikes out swinging
|
Top of the 9th over - 2 runs, 2 hits, 0 errors, 0 left on base; Palm Beach 7 - Madison 4 |
BOTTOM OF THE 9TH |
Madison Brewers batting - Pitching for Palm Beach Nationals : RHP Yorinobu Matsumoto
|
Pitching: RHP Cody Hadden
|
|
Now at 2B: Alex Gonzalez
|
|
Now in RF: Joe Simmelink
|
|
Pinch Hitting: LHB Danny Roberts
|
0-0: Ball 1-0: Called Strike 1-1: Ball 2-1: Foul Ball, location: 2F 2-2: Strikes out swinging
|
Batting: RHB Dustin Pryor
|
0-0: Ball 1-0: Ball 2-0: Ball 3-0: Base on Balls
|
Batting: LHB Andy Buschlen
|
0-0: Ball 1-0: Swinging Strike 1-1: Foul Ball, location: 2F 1-2: Ball 2-2: Foul Ball, location: 2F 2-2: Strikes out swinging
|
Batting: LHB Jose Simental
|
0-0: Ball 1-0: Ball 2-0: Ball 3-0: Base on Balls Dustin Pryor to second
|
Batting: LHB Bill Kovac
|
0-0: Foul Ball, location: 2F 0-1: Foul Ball, location: 2F 0-2: Ball 1-2: Foul Ball, location: 2F 1-2: Ball 2-2: Foul Ball, location: 2F 2-2: Foul Ball, location: 2F 2-2: Ball 3-2: Fly out, F9 (Flyball, 9D, EV 82.5 MPH)
|
Bottom of the 9th over - 0 runs, 0 hits, 0 errors, 2 left on base; Palm Beach 7 - Madison 4 |
|